 Dungeon Crawl Stone Soup version 0.27-a0-1555-g0e7b3fb1d2 (webtiles) character file.

Game seed: 126671279517602597

3369 Lemonice the Cleaver (level 10, -7/79 HPs)
             Began as a Formicid Abyssal Knight on July 15, 2021.
             Was an Elder of Lugonu.
             Mangled by a wolf (8 damage)
             ... on level 10 of the Dungeon.
             The game lasted 00:19:09 (10292 turns).

Lemonice the Cleaver (Formicid Abyssal Knight)     Turns: 10292, Time: 00:19:10

Health: -7/79      AC: 11    Str: 28    XL:     10   Next: 23%
Magic:  15/15      EV: 11    Int: 12    God:    Lugonu [****..]
Gold:   191        SH:  5    Dex: 16    Spells: 9/9 levels left

rFire    x . .     SeeInvis +   o - +0 battleaxe
rCold    + . .     Faith    .   h - +0 buckler
rNeg     . . .     Spirit   .   k - +2 leather armour "Derouxze" {rC+ Dex+6}
rPois    +         Reflect  .   (helmet unavailable)
rElec    .         Harm     .   d - +4 cloak of Mezcal {*Slow rPois rF- Str+8}
rCorr    .         Rampage  .   (no gloves)
Will     +....                  (no boots)
Stlth    +.........             (no amulet)
HPRegen  0.23/turn              (no ring)
MPRegen  0.14/turn              (no ring)

@: flying
A: permanent stasis, dig shafts and tunnels, antennae 3, four strong arms
a: Dig, Shaft Self, Renounce Religion, Depart the Abyss, Bend Space, Banish,
Corrupt


You were on level 10 of the Dungeon.
You worshipped Lugonu.
Lugonu was greatly pleased with you.
You visited 2 branches of the dungeon, and saw 11 of its levels.
You visited the Abyss 1 time.

You collected 380 gold pieces.
You spent 189 gold pieces at shops.

Inventory:

Hand Weapons
 a - a +1 hand axe
 f - a +2 vorpal spear
 o - a +0 battleaxe (weapon)
Missiles
 e - 6 curare-tipped darts
 s - a throwing net
Armour
 b - a +0 leather armour
 d - the +4 cloak of Mezcal (worn) {*Slow rPois rF- Str+8}
   (You found it on level 4 of the Dungeon)

   Str:       It affects your strength (+8).
   rF:        It makes you vulnerable to fire.
   rPois:     It protects you from poison.
   *Slow:     It may slow you when you take damage.
 h - a +0 buckler (worn)
 k - the +2 leather armour "Derouxze" (worn) {rC+ Dex+6}
   (You bought it in a shop on level 3 of the Dungeon)

   Dex:       It affects your dexterity (+6).
   rC:        It protects you from cold.
 r - a +0 kite shield
Wands
 c - a wand of mindburst (9)
 q - a wand of flame (30)
Scrolls
 g - 2 scrolls of teleportation {unknown}
 i - a scroll of vulnerability {unknown}
 j - a scroll of enchant armour {unknown}
 m - a scroll of enchant weapon {unknown}
 p - 2 scrolls of identify
 w - 2 scrolls of noise {unknown}
Potions
 l - 2 potions of flight
 n - a potion of magic
 t - a potion of curing {unknown}
 u - a potion of mutation {unknown}
 v - 2 potions of ambrosia {unknown}
 x - 3 potions of lignification {unknown}


   Skills:
 + Level 7.2 Fighting
 * Level 8.5 Axes
 + Level 6.7 Armour
 - Level 1.0 Dodging
 - Level 5.3 Shields
 + Level 7.3 Invocations


You had 9 spell levels left.
You didn't know any spells.
Your spell library contained the following spells:

 Spells                   Type           Power      Damage    Failure   Level
 Animate Skeleton         Necr           0%         N/A       36%         1
 Apportation              Tloc           0%         N/A       36%         1
 Corona                   Hex            0%         N/A       36%         1
 Summon Small Mammal      Summ           0%         N/A       36%         1
 Static Discharge         Conj/Air       0%         N/A       50%         2
 Call Canine Familiar     Summ           0%         N/A       73%         3
 Portal Projectile        Hex/Tloc       0%         N/A       73%         3
 Summon Guardian Golem    Hex/Summ       0%         N/A       73%         3
 Leda's Liquefaction      Hex/Erth       0%         N/A       98%         4
 Lightning Bolt           Conj/Air       0%         1d11      100%        5
 Maxwell's Capacitive Co  Air            0%         ∞         100%        8


Dungeon Overview and Level Annotations

Branches:
Dungeon (10/15)            Temple (1/1) D:6
   Lair: D:8-11         Orc: D:9-12

Altars:
Ashenzari
Cheibriados
Dithmenos
Fedhas
Gozag
Hepliaklqana
Kikubaaqudgha
Makhleb
Nemelex Xobeh
Okawaru
Qazlal
Ru
Sif Muna
Trog
Uskayaw
Vehumet
Wu Jian
Xom
Yredelemnul
Zin
The Shining One

Shops:
D:3 [


Innate Abilities, Weirdness & Mutations

You cannot be hasted, slowed, berserked, paralysed or teleported.
You can dig through walls and to a lower floor.
You have a pair of large antennae on your head. (SInv)
Your four strong arms can wield two-handed weapons with a shield.


Message History

The wolf bites you but does no damage.
There is a stone staircase leading down here.
The wolf bites you but does no damage. x2; You block the wolf's attack.
You climb downwards.
There is a stone staircase leading up here.
You hit the wolf but do no damage.
The wolf is almost dead.
You closely miss the wolf. The wolf completely misses you.
The wolf barely misses you. The wolf bites you.
* * * LOW HITPOINT WARNING * * *
The wolf barely misses you. The wolf bites you.
* * * LOW HITPOINT WARNING * * *
You hit the wolf but do no damage.
The wolf is almost dead.
You closely miss the wolf. The wolf bites you.
* * * LOW HITPOINT WARNING * * *
The wolf bites you but does no damage. x3
Unknown command.
You barely miss the wolf.
The wolf is almost dead.
You closely miss the wolf. The wolf barely misses you.
The wolf bites you but does no damage. The wolf barely misses you.
The wolf bites you but does no damage.
Unknown command.
You miss the wolf.
The wolf is almost dead.
You hit the wolf. The wolf closely misses you. The wolf bites you.
* * * LOW HITPOINT WARNING * * *
The wolf bites you.
* * * LOW HITPOINT WARNING * * *
The wolf bites you but does no damage.
Okay, then.
Okay, then.
It was a potion of flight.
You feel very buoyant.
You fly up into the air.
The wolf closely misses you. You block the wolf's attack.
The wolf barely misses you. You block the wolf's attack.
It was a potion of magic.
Magic courses through your body. The wolf bites you!
You die...

###
+.h###
#.@h#
###.+
##


You could see 2 wolves.

Vanquished Creatures
  A wyvern (D:9)
  Sigmund (D:2)
  A water moccasin (D:8)
  3 orc warriors
  4 ice beasts
  A sky beast (D:4)
  2 necrophages
  A black bear (D:5)
  2 ogres
  2 phantoms (D:6)
  3 bullfrogs
  5 scorpions
  A gnoll sergeant (D:6)
  7 wights
  A howler monkey (D:8)
  A crimson imp (D:6)
  A centaur zombie (D:8)
  A hound (D:5)
  A bullfrog zombie (D:5)
  An orc priest (D:7)
  A gnoll shaman (D:7)
  2 jellies
  An iguana (D:5)
  8 orc wizards
  A hound zombie (D:5)
  11 gnolls
  9 adders
  3 white imps
  2 ufetubi
  A worm (D:4)
  3 dart slugs
  21 orcs
  4 endoplasms
  2 giant cockroaches
  6 goblins
  8 hobgoblins
  4 jackals (D:3)
  5 kobolds
  2 quokkas (D:1)
  6 ball pythons
  5 bats
  2 frilled lizards
  5 rats (D:1)
152 creatures vanquished.

Vanquished Creatures (others)
  A fungus (D:9)
  3 plants (D:9)
4 creatures vanquished.

Grand Total: 156 creatures vanquished

Notes
Turn   | Place    | Note
-------+----------+-------------------------------------------
     0 | Abyss:1  | Lemonice the Formicid Abyssal Knight began the quest for
                  | the Orb.
     0 | Abyss:1  | Reached XP level 1. HP: 18/18 MP: 2/2
    52 | Abyss:1  | Noticed a hellwing
    55 | D:1      | Escaped the Abyss
    96 | D:1      | Reached * piety under Lugonu
    97 | D:1      | Reached skill level 1 in Dodging
   237 | D:1      | Reached XP level 2. HP: 15/24 MP: 3/3
  1065 | D:1      | Reached XP level 3. HP: 29/29 MP: 4/4
  1776 | D:2      | Noticed Sigmund
  1826 | D:3      | Found Ewut's Antique Armour Emporium.
  1896 | D:2      | Reached XP level 4. HP: 22/37 MP: 6/6
  1958 | D:3      | Found a shimmering blue altar of Sif Muna.
  2120 | D:3      | Reached skill level 3 in Axes
  2453 | D:3      | Reached ** piety under Lugonu
  2578 | D:3      | Noticed an eye of devastation
  2583 | D:3      | Noticed a great orb of eyes
  2585 | D:3      | Found a faded altar of an unknown god.
  2586 | D:3      | Noticed a floating eye
  2586 | D:3      | Noticed a golden eye
  3374 | D:3      | Reached XP level 5. HP: 32/42 MP: 7/7
  3413 | D:4      | Reached skill level 1 in Shields
  3771 | D:4      | Noticed an ogre
  4128 | D:4      | Reached XP level 6. HP: 40/48 MP: 8/8
  4291 | D:4      | Noticed a sky beast
  4302 | D:4      | Killed a sky beast
  4303 | D:4      | Reached skill level 4 in Axes
  4367 | D:4      | Identified the +4 cloak of Mezcal {*Slow rPois rF- Str+8}
  4391 | D:4      | Reached XP level 7. HP: 50/55 MP: 9/9
  4825 | D:4      | Found a glowing golden altar of the Shining One.
  5008 | D:3      | Bought a distressingly furry leather armour for 189 gold
                  | pieces
  5008 | D:3      | Identified the +2 leather armour "Derouxze" {rC+ Dex+6}
                  | (You bought it in a shop on level 3 of the Dungeon)
  5105 | D:2      | Killed Sigmund
  5271 | D:5      | Entered Level 5 of the Dungeon
  5284 | D:5      | Reached XP level 8. HP: 58/61 MP: 11/11
  5371 | D:5      | Reached skill level 5 in Axes
  5397 | D:5      | Reached skill level 5 in Fighting
  5623 | D:5      | Reached skill level 5 in Shields
  6073 | D:6      | Reached skill level 5 in Invocations
  6291 | D:6      | Reached skill level 6 in Axes
  6397 | D:6      | Reached skill level 5 in Armour
  6397 | D:6      | Reached XP level 9. HP: 44/69 MP: 11/13
  6399 | D:6      | Reached *** piety under Lugonu
  7067 | D:6      | Found a burning altar of Makhleb.
  7067 | D:6      | Found a radiant altar of Vehumet.
  7141 | D:6      | Found a staircase to the Ecumenical Temple.
  7175 | Temple   | Entered the Ecumenical Temple
  7623 | D:6      | Reached skill level 7 in Axes
  9263 | D:7      | Found a hide-covered altar of Uskayaw.
  9327 | D:8      | Reached XP level 10. HP: 77/77 MP: 15/15
  9383 | D:8      | Reached skill level 8 in Axes
 10093 | D:8      | Reached **** piety under Lugonu
 10286 | D:10     | Entered Level 10 of the Dungeon
 10290 | D:10     | HP: 1/79 [wolf (3)]
 10292 | D:10     | Mangled by a wolf

Illustrated notes

Levels and vault maps discovered:
D:1:      roderic_chinese_lattice_arrival, layout_basic, nrook_mini_vaults
D:2:      layout_loops_corners, minmay_cut_off, uniq_sigmund
D:3:      layout_rooms, mainiacjoe_overflow_tiny_flanked, serial_shops, shop,
          hellmonk_ecumenical_altar_watching_god, hex_large
D:4:      layout_cave_pods, tso_oasis_becter
D:5:      layout_loops_ring
D:6:      layout_basic, grunt_temple_overflow_lords_of_destruction,
          minmay_temple_entry_crystal_x, lemuel_old_faithful
D:7:      layout_loops_ring, lemuel_round_altar
D:8:      layout_basic
D:9:      layout_basic, minmay_lair_entry_grove, dk_vineyard_3
D:10:     layout_roguey, mainiacjoe_overflow_alcove_2, david_orc_4, minivault_22
Temple:   regret_index_temple_sphere_string

Skill      XL: |  1  2  3  4  5  6  7  8  9 10 |
---------------+-------------------------------+-----
Dodging        | 1 |  1.0
Axes           | 3 4 6 7 8 |  8.5
Invocations    | 3 4 5 6 7 |  7.3
Armour         | 3 4 5 6 |  6.7
Fighting       | 4 5 6 7 |  7.2
Shields        | 2 3 4 5 |  5.3

Action                   |  1- 3 |  4- 6 |  7- 9 | 10-12 || total
-------------------------+-------+-------+-------+-------++-------
Melee: Hand axe          |    46 |       |       |       ||    46
       Spear             |    46 |   152 |   238 |       ||   436
       Battleaxe         |       |       |    74 |    42 ||   116
Invok: Depart the Abyss  |     1 |       |       |       ||     1
  Use: Scroll            |     1 |     4 |       |       ||     5
       Potion            |       |       |     2 |     2 ||     4
 Stab: Sleeping          |       |     1 |     1 |       ||     2
Armor: Leather armour    |    25 |    31 |    82 |    33 ||   171
Dodge: Dodged            |    48 |    79 |   106 |    30 ||   263
Block: Buckler           |       |    14 |    61 |    15 ||    90

Table legend: (Time is in decaauts)
 A = Elapsed time spent in this place.
 B = Non-inter-level travel time spent in this place.
 C = Inter-level travel time spent in this place.
 D = Time resting spent in this place.
 E = Time spent auto-exploring this place.
 F = Levels seen in this place.
 G = Mean time per level.
                   A        B        C        D        E       F      G
               +--------+--------+--------+--------+--------+-----+--------+
         Total |  10336 |   9920 |    416 |      0 |   7680 |  12 |  861.3 |
       Dungeon |   9992 |   9603 |    389 |      0 |   7420 |  10 |  999.2 |
        Temple |    288 |    261 |     27 |      0 |    260 |   1 |  288.0 |
         Abyss |     55 |     55 |      0 |      0 |      0 |   1 |   55.0 |
               +--------+--------+--------+--------+--------+-----+--------+

Top non-repeatable levels by time:
     D:6: 1721 daAuts
     D:3: 1464 daAuts
     D:2: 1270 daAuts
     D:4: 1259 daAuts
     D:1: 1242 daAuts
     D:7: 1151 daAuts
     D:8: 951 daAuts
     D:5: 882 daAuts
  Temple: 288 daAuts
 Abyss:1: 55 daAuts
     D:9: 40 daAuts
    D:10: 6 daAuts
